Map: Chantier naval orbital

Players

AgCl - Winner!

  • Race: Protoss Protoss
  • League: Grandmaster

Blitz

  • Race: Zerg Zerg
  • League: Grandmaster

VOD

Have the link to the VOD?

Description

Time

  • Played on: June 9, 2015, 6:16 p.m.
  • Length: 6:02
Show
View Real Time Build Order
Export as new Build Order

AgCl Protoss - Winner!

Build Orders:  

Get SALT Encoding   

Show
View Real Time Build Order
Export as new Build Order

Blitz Zerg 

Build Orders: Pool First 

Get SALT Encoding   

  12  0:01  Drone  
  13  0:12  Overlord  
  13  0:17  Drone  
  14  0:30  Drone x2  
  14  0:34  Drone  
  17  0:42  Extractor  
  17  0:47  Spawning Pool  
  15  0:50  Drone  
  15  0:56  Drone  
  17  1:07  Drone  
  18  1:19  Hatchery  
  18  1:25  Drone  
  18  1:33  Queen  
  20  1:44  Overlord  
  20  1:49  Metabolic Boost  
  20  1:53  Zergling x2  
  21  1:57  Drone  
  22  2:02  Drone  
  23  2:09  Queen  
  23  2:13  Drone  
  26  2:25  Drone  
  27  2:31  Overlord  
  27  2:37  Drone  
  27  2:43  Drone x5  
Tags
 
Add a new tag
Caveats
  • Supply blocks, unpowered buildings, or Contaminate may cause inaccurate times.
  • Supply counts are checked every 10 seconds.